 Dungeon Crawl Stone Soup version 0.15-a0-2374-gaadabb3 (webtiles) character file.

33 MRaven the Skirmisher (level 3, 0/30 HPs)
             Began as a Demonspawn Abyssal Knight on July 31, 2014.
             Was a Follower of Lugonu.
             Slain by an adder (4 damage)
             ... on Level 1 of the Dungeon.
             The game lasted 00:10:15 (1948 turns).

MRaven the Skirmisher (Demonspawn Abyssal Knight)   Turns: 1948, Time: 00:10:16

HP   0/30        AC  3     Str 13      XL: 3   Next: 12%
MP   4/4         EV 11     Int 13      God: Lugonu [*.....]
Gold 42          SH  0     Dex 12      Spells:  0 memorised,  2 levels left

rFire  . . .     SeeInvis .     a - +1 falchion
rCold  . . .     Clarity  .     b - +0 leather armour
rNeg   . . .     rCorr    .     (no shield)
rPois  .         rRot     .     (helmet restricted)
rElec  .         Spirit   .     (no cloak)
SustAb .         Warding  .     (no gloves)
rMut   .         Stasis   .     (no boots)
Gourm  .                        (no amulet)
MR     .....                    (no ring)
                                (no ring)

@: lethally poisoned, not resistant to hostile enchantments, very unstealthy
A: antennae 1
a: Depart the Abyss, Renounce Religion


You were on level 1 of the Dungeon.
You worshipped Lugonu.
Lugonu was aware of your devotion.
You were not hungry.

You visited 1 branch of the dungeon, and saw 2 of its levels.
You visited the Abyss 1 time.

You collected 42 gold pieces.

Inventory:

Hand weapons
 a - a +1 falchion (weapon)
Armour
 b - a +0 leather armour (worn)
Comestibles
 c - a bread ration
 k - a rotting chunk of giant newt flesh
Scrolls
 h - a scroll of blinking
Jewellery
 g - an uncursed ring of regeneration {unknown}
 j - a cursed ring of loudness {unknown}
Potions
 i - a potion of curing {unknown}


   Skills:
 * Level 3.7 Fighting
 - Level 1.7 Long Blades
 - Level 1.7 Armour
 + Level 1.6 Dodging
 + Level 2.9 Invocations


You had 2 spell levels left.
You didn't know any spells.

Dungeon Overview and Level Annotations

Branches:
Dungeon (2/15)

Altars:


Innate Abilities, Weirdness & Mutations

You have a pair of small antennae on your head.


Message History

The adder is heavily wounded.
You feel sick. The adder barely misses you. The adder bites you.
* * * LOW HITPOINT WARNING * * *
You hit the adder.
The adder is severely wounded.
* * * LOW HITPOINT WARNING * * *
You feel sick. The adder closely misses you.
You hit the adder.
The adder is almost dead.
The adder closely misses you. The adder bites you but does no damage.
You closely miss the adder.
The adder is almost dead.
* * * LOW HITPOINT WARNING * * *
You feel sick. The adder bites you.
* * * LOW HITPOINT WARNING * * *
You barely miss the adder.
The adder is almost dead.
* * * LOW HITPOINT WARNING * * *
You feel sick. The adder bites you but does no damage. The adder bites you.
You die...

############### #.............#
#######.####..#####.#
###.......#.....# #.# ###
#.........#S##.## #.# #..
#.#.#.#.#...@...#####.######.
#...................#.#......
##.#.#.#.#....#.######.#####..
#.............#.# #.# #..
#..#.#.#.#....#.# #.# ##.
####..........#.##.# ####.######.
......#.#.#.#......# #.....##..#.
####...........#######.....##..##
#.#######.).............##....


You could see an adder.

Vanquished Creatures
  A gnoll (D:1)
  A giant gecko (D:1)
  An ooze (D:1)
  2 bats (D:1)
  3 goblins (D:1)
  4 hobgoblins (D:1)
  3 giant newts (D:1)
  3 kobolds (D:1)
  4 rats
22 creatures vanquished.

Notes
Turn   | Place    | Note
--------------------------------------------------------------
     0 | Abyss:1  | MRaven, the Demonspawn Abyssal Knight, began the quest for the Orb.
     0 | Abyss:1  | Reached XP level 1. HP: 18/18 MP: 1/1
     0 | Abyss:1  | Noticed a spatial vortex
     0 | Abyss:1  | Noticed a spatial vortex
     6 | Abyss:1  | Noticed a spatial vortex
     9 | D:1      | Escaped the Abyss
    16 | D:1      | Noticed a black mamba
    16 | D:1      | Noticed a polar bear
    16 | D:1      | Noticed a redback
    16 | D:1      | Noticed a lindwurm
    21 | D:1      | Reached skill level 1 in Dodging
   380 | D:1      | Gained mutation: You have a pair of small antennae on your head. [demonic ancestry]
   380 | D:1      | Reached XP level 2. HP: 24/24 MP: 2/2
  1439 | D:1      | Reached XP level 3. HP: 24/30 MP: 4/4
  1948 | D:1      | Slain by an adder

Action                   || total
-------------------------++-------
Melee: Falchion          ||    93
  Use: Scroll            ||     4
  Eat: Bread ration      ||     1
